 Dungeon Crawl Stone Soup version 0.23.2-1-ga50397a6bc (webtiles) character file.

Game seed: 11156550610190356881

78 voshx1 the Chopper (level 4, -5/55 HPs)
             Began as a Human Berserker on Apr 26, 2019.
             Was a Believer of Trog.
             Killed by divine providence
             ... invoked by an orc priest
              (11 damage)
             ... on level 3 of the Dungeon.
             The game lasted 00:02:29 (1743 turns).

voshx1 the Chopper (Human Berserker)                Turns: 1743, Time: 00:02:29

Health: -5/55      AC:  8    Str: 24    XL:     4   Next: 61%
Magic:  4/4        EV:  9    Int:  7    God:    Trog [**....]
Gold:   47         SH:  0    Dex: 12    Spells: 3/3 levels left

rFire    . . .     SeeInvis .   a - +0 hand axe
rCold    . . .     Gourm    .   (no shield)
rNeg     . . .     Faith    .   j - +0 chain mail
rPois    .         Spirit   .   (no helmet)
rElec    .         Reflect  .   (no cloak)
rCorr    .         Harm     .   (no gloves)
MR       .....                  (no boots)
Stlth    ..........             (no amulet)
HPRegen  0.18/turn              (no ring)
MPRegen  0.09/turn              (no ring)

@: berserking, very quick
A: no striking features
a: Berserk, Trog's Hand, Renounce Religion


You were on level 3 of the Dungeon.
You worshipped Trog.
Trog was pleased with you.
You were near starving.

You visited 1 branch of the dungeon, and saw 3 of its levels.

You collected 47 gold pieces.

Inventory:

Hand Weapons
 a - a +0 hand axe (weapon)
Armour
 b - a +0 animal skin
 j - a +0 chain mail (worn)
Scrolls
 d - 2 scrolls of amnesia {unknown}
 e - 2 scrolls of identify {unknown}
 f - 2 scrolls of fog {unknown}
 l - a scroll of random uselessness {unknown}
 m - a scroll of teleportation {unknown}
 o - a scroll of immolation {unknown}
 p - a scroll of remove curse {unknown}
Potions
 g - 2 potions of flight {unknown}
 h - a potion of curing {unknown}
 i - a potion of invisibility {unknown}
 k - a potion of agility {unknown}
 q - a potion of lignification {unknown}
Comestibles
 c - 5 rations


   Skills:
 + Level 3.7 Fighting
 + Level 3.9 Axes
 + Level 2.6 Armour
 + Level 2.2 Dodging
 + Level 0.3 Stealth


You had 3 spell levels left.
You didn't know any spells.
Your spell library was empty.

Dungeon Overview and Level Annotations

Branches:
Dungeon (3/15)

Altars:
Gozag
Sif Muna
The Shining One

Shops:
D:2 *


Message History

You hit the orc priest but do no damage.
The orc priest is heavily wounded.
The orc priest hits you but does no damage.
You hit the orc priest.
The orc priest is severely wounded.
The orc priest hits you with a +0 hand axe.
You hit the orc priest.
The orc priest is severely wounded.
The orc priest mumbles some strange prayers to Beogh against you.
Beogh smites you!
* * * LOW HITPOINT WARNING * * *
You hit the orc priest but do no damage.
The orc priest is severely wounded.
The orc priest closely misses you.
A red film seems to cover your vision as you go berserk!
You feel yourself moving faster!
You feel mighty!
You are near starving!
The orc priest calls down the wrath of Beogh upon you.
Beogh smites you!
You die...

## #. . #.
....##.###.##
#...†@o...#
#####.#......
... .....
..... ....
###.... ...
...... ..
....#.. .
...$.#..


You could see an orc priest.

Vanquished Creatures
  An adder (D:2)
  An ooze (D:2)
  2 worms (D:2)
  2 leopard geckos
  4 orcs (D:2)
  2 ball pythons
  5 giant cockroaches
  6 goblins
  6 hobgoblins
  2 quokkas (D:2)
  5 bats
  4 frilled lizards (D:2)
  5 kobolds
  7 rats
52 creatures vanquished.

Notes
Turn   | Place    | Note
-------+----------+-------------------------------------------
     0 | D:1      | voshx1 the Human Berserker began the quest for the Orb.
     0 | D:1      | Reached XP level 1. HP: 18/18 MP: 1/1
   101 | D:1      | Reached XP level 2. HP: 20/24 MP: 2/2
   648 | D:1      | Reached XP level 3. HP: 29/29 MP: 3/3
   977 | D:2      | Reached ** piety under Trog
  1162 | D:2      | Reached XP level 4. HP: 37/37 MP: 4/4
  1211 | D:2      | Found Gozag's Platinum Reserve.
  1258 | D:2      | Found an opulent altar of Gozag.
  1347 | D:2      | Found a glowing golden altar of the Shining One.
  1462 | D:2      | Found a deep blue altar of Sif Muna.
  1743 | D:3      | Killed from afar by an orc priest

Action                   |  1- 3 |  4- 6 || total
-------------------------+-------+-------++-------
Melee: Hand axe          |   101 |    81 ||   182
Invok: Berserk           |       |     1 ||     1
  Eat: Chunk             |     1 |     1 ||     2
Armor: Animal skin       |    17 |       ||    17
       Chain mail        |    21 |    49 ||    70
Dodge: Dodged            |    67 |    38 ||   105
